 Dungeon Crawl Stone Soup version 0.31-a0-257-gf185e81a89 (webtiles) character file.

Game seed: 11914814347564131045

854 qw the Skirmisher (level 7, -3/61 HPs)
             Began as a Minotaur Hexslinger on July 12, 2023.
             Slain by an ogre
             ... wielding a +0 giant club
              (21 damage)
             ... on level 5 of the Dungeon.
             The game lasted 00:01:42 (3922 turns).

qw the Skirmisher (Minotaur Hexslinger)             Turns: 3922, Time: 00:01:42

Health: -3/61      AC:  8    Str: 13    XL:     7   Next: 70%
Magic:  7/7        EV: 12    Int: 10    God:
Gold:   217        SH:  0    Dex: 14    Spells: 7/8 levels left

rFire   . . .        g - +0 orcbow
rCold   . . .        (shield currently unavailable)
rNeg    . . .        i - +0 leather armour
rPois   +            (helmet restricted)
rElec   .            (no cloak)
rCorr   .            p - +2 pair of gloves {infuse}
SInv    .            f - +1 pair of boots
Will    .....        (no amulet)
Stlth   +            b - ring of poison resistance
HPRegen 0.30/turn    (no ring)
MPRegen 0.10/turn

%: infuse magic (1 MP)
@: no status effects
A: horns 2, retaliatory headbutt
a: no special abilities


You were on level 5 of the Dungeon.
You visited 2 branches of the dungeon, and saw 6 of its levels.

You collected 217 gold pieces.


Innate Abilities, Weirdness & Mutations

You have a pair of horns on your head.
You reflexively headbutt those who attack you in melee.


   Skills:
 - Level 5.2 Fighting
 + Level 8.1 Ranged Weapons
 - Level 1.4 Armour
 - Level 3.0 Dodging
 - Level 1.0 Spellcasting
 - Level 2.0 Hexes


You had 7 spell levels left.
You knew the following spells:

 Your Spells              Type           Power      Damage    Failure   Level
a - Slow                  Hex            16%        N/A       19%         1

Your spell library contained the following spells:

 Spells                   Type           Power      Damage    Failure   Level
 Inner Flame              Hex/Fire       2%         N/A       65%         3
 Portal Projectile        Hex/Tloc       4%         N/A       65%         3
 Cause Fear               Hex            2%         N/A       88%         4

Inventory:

Hand Weapons
 g - a +0 orcbow (weapon)
Armour
 f - a +1 pair of boots (worn)
 i - a +0 leather armour (worn)
 p - a +2 pair of gloves of infusion (worn)
Jewellery
 b - a ring of poison resistance (left hand)
Scrolls
 c - 2 scrolls of identify
 j - a scroll of teleportation
Potions
 a - a potion of heal wounds
 d - a potion of resistance {unknown}
 e - a potion of enlightenment
 h - a potion of haste

Dungeon Overview and Level Annotations

Branches:
Dungeon (5/15)             Temple (1/1) D:4

Altars:
Cheibriados
Elyvilon
Fedhas
Gozag
Kikubaaqudgha
Makhleb
Nemelex Xobeh
Qazlal
Ru
Uskayaw
Vehumet
Wu Jian
Xom
Yredelemnul
Zin
The Shining One


Message History

An ice beast comes into view.
The orc wizard gestures at you while chanting.
The magic dart hits you!
An ogre comes into view. It is wielding a +0 giant club.
The ogre shouts!
You shoot an arrow. The arrow hits the orc!
You kill the orc!
You shoot an arrow.
The arrow closely misses the orc wizard.
The arrow barely misses the ogre.
The orc wizard casts a spell at you.
You are confused.
The orc wizard casts a spell at you. The puff of flame hits you.
The orc wizard gestures at you while chanting.
You resist with some effort.
The orc wizard gestures at you while chanting.
You resist with some effort.
You feel less confused.
The ice beast hits you but does no damage.
The orc wizard points at you and mumbles some strange words.
You are confused.
The ice beast hits you but does no damage.
The orc wizard mumbles some strange words.
The orc wizard flickers and vanishes!
Deactivating autopickup; reactivate with Ctrl-A.
The ice beast closely misses you. The ogre hits you with a +0 giant club!
The ice beast barely misses you.
You hear some strange, mumbled words.
Something tries to affect you, but you resist.
The ogre closely misses you. The ice beast hits you. The ice beast freezes you!
Something hits you. The ice beast misses you. The ogre closely misses you.
Something hits you but does no damage.
You feel less confused. The ice beast barely misses you.
Something completely misses you.
You shoot an arrow.
The arrow hits the ogre but does no damage.
The ogre hits you with a +0 giant club!!
You die...

...
............####..###..
....
.........##..#####.#....
.....
.......<.........)%..#.>
......
...........>.#####%..#..
....... .).........#...#
#.....#
....)......###.###...###
...........###..##...#
......{Y..###........#
.#...O@.........#....#
###.........##.#.....#
#..##....).........# #.$
#.....#...####.#
.......##.....# ..
.......####....# # #####
..# ##.###


You could see an ice beast and an ogre.

Vanquished Creatures
  Sigmund (D:2)
  2 centaurs (D:4)
  A phantom (D:5)
  2 scorpions (D:5)
  A hound (D:5)
  A jelly (D:5)
  2 iguanas
  An orc wizard (D:3)
  A gnoll (D:5)
  10 adders
  An ufetubus (D:5)
  4 worms
  A dart slug (D:3)
  13 orcs
  4 bats
  14 endoplasms
  A giant cockroach (D:1)
  6 goblins
  6 hobgoblins
  7 kobolds
  2 quokkas
  11 ball pythons
  5 frilled lizards
  5 rats
102 creatures vanquished.

Vanquished Creatures (others)
  An orc wizard (D:3)
1 creature vanquished.

Grand Total: 103 creatures vanquished

Notes
Turn   | Place    | Note
-------+----------+-------------------------------------------
     0 | D:1      | qw the Minotaur Hexslinger began the quest for the Orb.
     0 | D:1      | Reached XP level 1. HP: 16/16 MP: 1/1
     0 | D:1      | 0 ||| qw: Version: 0.3-a-52-g30416fa
     0 | D:1      | 0 ||| qw: Game counter: 6799
     0 | D:1      | 0 ||| qw: Melee chars always use a shield: true
     0 | D:1      | 0 ||| qw: God list: Okawaru
     0 | D:1      | 0 ||| qw: Allow faded altars: false
     0 | D:1      | 0 ||| qw: Do Orc after clearing Dungeon:15 true
     0 | D:1      | 0 ||| qw: Do second Lair branch before Depths: true
     0 | D:1      | 0 ||| qw: Lair rune preference: random
     0 | D:1      | 0 ||| qw: Goals: Normal
     0 | D:1      | 0 ||| PLANNING D:1-11
   200 | D:1      | Reached skill level 3 in Ranged Weapons
   204 | D:1      | Reached XP level 2. HP: 23/23 MP: 2/2
   758 | D:1      | 758 ||| UPGRADING to +1 pair of boots.
   763 | D:1      | 763 ||| READING 2 scrolls labelled IDOUMIWKUA.
   764 | D:1      | 764 ||| READING 2 scrolls labelled ELUIRR FUTE.
   765 | D:1      | 765 ||| DRINKING 2 golden potions.
   869 | D:1      | 869 ||| DROPPING scroll of immolation.
   870 | D:1      | 870 ||| DROPPING scroll of poison.
   871 | D:1      | 871 ||| DROPPING scroll of fear.
   872 | D:1      | 872 ||| DROPPING potion of berserk rage.
   960 | D:2      | Reached XP level 3. HP: 29/29 MP: 3/3
  1090 | D:2      | Reached skill level 4 in Ranged Weapons
  1115 | D:2      | 1115 ||| FLEEEEING.
  1273 | D:2      | Reached XP level 4. HP: 28/36 MP: 4/4
  1309 | D:2      | Noticed Sigmund
  1322 | D:2      | Killed Sigmund
  1323 | D:2      | Reached skill level 6 in Ranged Weapons
  1323 | D:2      | Reached XP level 5. HP: 32/41 MP: 5/5
  1330 | D:2      | 1330 ||| FLEEEEING.
  1336 | D:2      | 1336 ||| FLEEEEING.
  1338 | D:2      | 1338 ||| FLEEEEING.
  1339 | D:2      | 1339 ||| FLEEEEING.
  1459 | D:2      | Found a faded altar of an unknown god.
  1516 | D:2      | 1516 ||| UPGRADING to ring of poison resistance.
  1649 | D:3      | 1649 ||| Stepping ~*~*~tactically~*~*~ (outnumbered).
  1651 | D:3      | 1651 ||| Stepping ~*~*~tactically~*~*~ (outnumbered).
  1663 | D:3      | Reached skill level 3 in Fighting
  1663 | D:3      | Reached XP level 6. HP: 51/51 MP: 6/6
  2348 | D:3      | Identified the +0 mace of Fortitude {freeze, Fragile rPois
                  | Will++}
  2497 | D:3      | 2497 ||| UPGRADING to +0 leather armour.
  2507 | D:3      | 2507 ||| DROPPING +0 robe.
  2508 | D:3      | 2508 ||| UPGRADING to +2 pair of gloves of infusion.
  2513 | D:3      | 2513 ||| READING scroll labelled JIAPTUICOO.
  2514 | D:3      | 2514 ||| READING scroll labelled VYOHAR MYPER.
  2515 | D:3      | 2515 ||| READING scroll labelled ZUOTEV DEENGAA.
  2519 | D:3      | 2519 ||| READING scroll labelled YMEAKA ZAULOID.
  2520 | D:3      | 2520 ||| READING scroll labelled IGEJIE RIMYRAH.
  2521 | D:3      | 2521 ||| DRINKING 2 glowing black potions.
  2522 | D:3      | 2522 ||| DROPPING potion of attraction.
  2775 | D:4      | Reached skill level 1 in Armour
  2830 | D:4      | Found a sparkling altar of Nemelex Xobeh.
  2830 | D:4      | Found a blossoming altar of Fedhas.
  2833 | D:4      | Found a radiant altar of Vehumet.
  2882 | D:4      | 2882 ||| Stepping ~*~*~tactically~*~*~ (outnumbered).
  2888 | D:4      | Reached skill level 7 in Ranged Weapons
  2899 | D:4      | Reached XP level 7. HP: 29/59 MP: 7/7
  3171 | D:4      | Found a staircase to the Ecumenical Temple.
  3172 | D:4      | 3172 ||| PLANNING TEMPLE
  3172 | D:4      | 3172 ||| SWAPPING to +0 orcbow.
  3173 | D:4      | 3173 ||| DROPPING +2 sling.
  3182 | Temple   | Entered the Ecumenical Temple
  3182 | Temple   | Found a transporter.
  3182 | Temple   | Found a transporter.
  3184 | Temple   | Found a transporter.
  3184 | Temple   | Found a transporter.
  3194 | Temple   | 3194 ||| PLANNING D:1-11
  3579 | D:4      | 3579 ||| DRINKING 2 puce potions.
  3580 | D:4      | 3580 ||| DRINKING 2 sedimented silvery potions.
  3581 | D:4      | 3581 ||| READING 6 scrolls of identify.
  3581 | D:4      | 3581 ||| IDENTIFYING bubbling orange potion
  3582 | D:4      | 3582 ||| READING 5 scrolls of identify.
  3582 | D:4      | 3582 ||| IDENTIFYING bubbling emerald potion
  3583 | D:4      | 3583 ||| READING 4 scrolls of identify.
  3583 | D:4      | 3583 ||| IDENTIFYING sedimented puce potion
  3584 | D:4      | 3584 ||| READING 3 scrolls of identify.
  3584 | D:4      | 3584 ||| IDENTIFYING brown potion
  3585 | D:4      | 3585 ||| DROPPING potion of lignification.
  3586 | D:4      | 3586 ||| DROPPING potion of ambrosia.
  3587 | D:4      | 3587 ||| DROPPING potion of magic.
  3635 | D:5      | Entered Level 5 of the Dungeon
  3682 | D:5      | Reached skill level 8 in Ranged Weapons
  3796 | D:5      | Reached skill level 3 in Dodging
  3922 | D:5      | Slain by an ogre

Levels and vault maps discovered:
D:1:      minmay_arrival_up_and_down, layout_loops_ring, solitary_fountain,
          supply_closet_lemuel
D:2:      layout_basic, shapermc_ecumenical_altar_notcrosses, uniq_sigmund
D:3:      layout_basic
D:4:      layout_basic, gammafunk_temple_overflow_forgotten,
          minmay_temple_entry_large_hall, minmay_misc_feat_x,
          minmay_manual_mares
D:5:      layout_rooms, minmay_manual_mess
Temple:   hellmonk_temple_divided_pantheon

Skill      XL: |  1  2  3  4  5  6  7 |
---------------+----------------------+-----
Ranged Weapons | 3 4 6 7 8 |  8.1
Fighting       | 2 3 4 5 |  5.2
Armour         | 1 |  1.4
Dodging        | 3 |  3.0
Spellcasting   | |  1.0
Hexes          | |  2.0

Action                     |  1- 3 |  4- 6 |  7- 9 || total
---------------------------+-------+-------+-------++-------
   Fire: Sling             |   126 |   155 |       ||   281
         Orcbow            |       |       |    76 ||    76
    Use: Scroll            |     2 |     5 |     4 ||    11
         Potion            |     1 |     1 |     2 ||     4
 Armour: Robe              |    11 |    17 |       ||    28
         Leather armour    |       |    21 |    19 ||    40
  Dodge: Dodged            |    24 |    65 |    38 ||   127

Table legend:
 A = Non-vault XP
 B = Vault XP
 C = Vault XP percentage of total XP
 D = Non-vault monster count
 E = Vault monster count
 F = Vault count percentage of total count
                 A         B        C        D         E       F
            +---------+---------+-------+---------+---------+-------
      Total |     725 |     495 |  40.6 |      97 |       6 |   5.8
            +---------+---------+-------+---------+---------+-------
        D:1 |      38 |       0 |   0.0 |      23 |       0 |   0.0
        D:2 |      73 |     210 |  74.2 |      21 |       1 |   4.5
        D:3 |     167 |       0 |   0.0 |      27 |       0 |   0.0
        D:4 |      81 |     222 |  73.3 |      15 |       2 |  11.8
        D:5 |     366 |      63 |  14.7 |      11 |       3 |  21.4
            +---------+---------+-------+---------+---------+-------
